 Dungeon Crawl Stone Soup version 0.31.0-11-ge490571c62 (webtiles) character file.

Game seed: 4167821077261732821

269 qw the Shooter (level 6, -9/30 HPs)
             Began as a Spriggan Hunter on Feb 4, 2024.
             Mangled by an ogre
             ... wielding a +0 giant club
              (10 damage)
             ... on level 4 of the Dungeon.
             The game lasted 00:00:11 (2403 turns).

qw the Shooter (Spriggan Hunter)                    Turns: 2403, Time: 00:00:11

Health: -9/30      AC:  2    Str:  7    XL:     6   Next: 1%
Magic:  7/7        EV: 20    Int: 10    God:
Gold:   189        SH:  0    Dex: 21    Spells: 5/5 levels left

rFire   . . .        a - +0 shortbow
rCold   . . .        (shield currently unavailable)
rNeg    . . .        c - +0 robe
rPois   .            (helmet restricted)
rElec   .            (no cloak)
rCorr   .            (gloves unavailable)
SInv    +            (boots unavailable)
Will    +....        e - amulet of faith
Stlth   ++           (no ring)
HPRegen 0.25/turn    (no ring)
MPRegen 0.10/turn

%: faith
@: lethally poisoned (-9 -> -17), hasted, very quick
A: very small, no large weapons, unfitting armour, see invisible, speed 3
a: no special abilities


You were on level 4 of the Dungeon.
You visited 1 branch of the dungeon, and saw 4 of its levels.

You collected 189 gold pieces.


Innate Abilities, Weirdness & Mutations

You are very small and have problems with some larger weapons.
You are too small for most types of armour.
You have supernaturally acute eyesight. (SInv)
You cover ground extremely quickly. (Speed+++)


   Skills:
 - Level 2.0 Fighting
 - Level 6.3 Ranged Weapons
 + Level 5.0 Dodging
 - Level 1.5 Stealth


You had 5 spell levels left.
You didn't know any spells.
Your spell library was empty.

Inventory:

Hand Weapons
 a - a +0 shortbow (weapon)
Armour
 c - a +0 robe (worn)
Jewellery
 e - an amulet of faith (around neck)
Scrolls
 g - a scroll of poison {unknown}
Potions
 d - a potion of haste
 f - a potion of curing
 i - a potion of enlightenment

Dungeon Overview and Level Annotations

Branches:
Dungeon (4/15)
 Temple: D:4-7

Altars:
Dithmenos
Hepliaklqana

Annotations:
D:3 1 runed translucent door, Crazy Yiuf


Message History

The scorpion is almost dead.
You feel sick. The scorpion completely misses you.
An endoplasm comes into view.
The adder completely misses you. The scorpion misses you.
The endoplasm moves out of view.
You shoot an arrow. The arrow barely misses the scorpion.
The arrow hits the ogre!
The ogre is moderately wounded.
You feel sick. The adder closely misses you.
A ribbon worm comes into view.
The scorpion stings you.
2397 ||| RETREEEEATING.
You feel sick. The scorpion misses you.
You shoot an arrow. The arrow barely misses the scorpion.
You feel sick.
You are no longer poisoned.
The adder misses you. The scorpion misses you. The adder completely misses you.
You shoot an arrow.
The arrow hits the scorpion but does no damage.
The scorpion is almost dead.
The scorpion barely misses you. The adder completely misses you.
The scorpion stings you.
You shoot an arrow. The arrow barely misses the scorpion.
The scorpion stings you.
You are poisoned.
The scorpion poisons you!
2401 ||| DRINKING 2 potions of haste.
You feel yourself speed up.
You feel sick. The scorpion closely misses you. The adder bites you.
You are more poisoned.
The adder poisons you! The ogre closely misses you.
You shoot an arrow. The arrow hits the scorpion.
You kill the scorpion!
You feel sick. The adder closely misses you.
Your Ranged Weapons skill increases to level 6!
You have reached level 6!
You shoot an arrow. The arrow hits the ogre!
The ogre is heavily wounded.
You feel sick. The adder barely misses you. The adder completely misses you.
The ogre hits you with a +0 giant club!
You die...

##....#####
##...#
##..# #..#
#..# # #..#
#w ##..# .S
##...#
#.#@...#
########..
#wSOS.##
#.......).
#....##
#.).w<....
......##
#...o.....
.....$.##
#.........
.######
#.........
#.........
#.........
##########


You could see an ogre, a ribbon worm and 2 adders.

Vanquished Creatures
  A scorpion (D:4)
  A hound (D:4)
  A jelly (D:4)
  Robin (D:4)
  A gnoll (D:1)
  5 adders
  A dart slug (D:3)
  A ribbon worm (D:2)
  9 endoplasms
  5 giant cockroaches
  10 goblins
  6 hobgoblins
  12 kobolds
  A quokka (D:3)
  11 ball pythons
  8 bats
  2 frilled lizards
  6 rats
82 creatures vanquished.

Notes
Turn   | Place    | Note
-------+----------+-------------------------------------------
     0 | D:1      | qw the Spriggan Hunter began the quest for the Orb.
     0 | D:1      | Reached XP level 1. HP: 10/10 MP: 2/2
     0 | D:1      | 0 ||| qw: Version: 0.3-a-160-g6735b56
     0 | D:1      | 0 ||| qw: Game counter: 5588
     0 | D:1      | 0 ||| qw: Melee chars always use a shield: true
     0 | D:1      | 0 ||| qw: God list: Okawaru
     0 | D:1      | 0 ||| qw: Allow faded altars: false
     0 | D:1      | 0 ||| qw: Do Orc after clearing Dungeon:15 true
     0 | D:1      | 0 ||| qw: Do second Lair branch before Depths: true
     0 | D:1      | 0 ||| qw: Lair rune preference: random
     0 | D:1      | 0 ||| qw: Goals: Normal
     0 | D:1      | 0 ||| PLANNING D:1-11
    26 | D:1      | Reached skill level 3 in Dodging
    90 | D:1      | Reached XP level 2. HP: 14/14 MP: 3/3
   433 | D:1      | Reached XP level 3. HP: 18/18 MP: 4/4
   599 | D:1      | HP: 1/18 [gnoll/+0 flail (8)]
   812 | D:1      | 812 ||| READING scroll labelled SOSEYPPO RYBB.
   813 | D:1      | 813 ||| READING 2 scrolls labelled RAGHIU IGIPROS.
   814 | D:1      | 814 ||| READING 3 scrolls labelled DUITAIHIZO.
   815 | D:1      | 815 ||| READING scroll labelled LIXOPI DAUKH.
   916 | D:1      | 916 ||| DROPPING scroll of butterflies.
   917 | D:1      | 917 ||| DROPPING scroll of revelation.
   918 | D:1      | 918 ||| DROPPING 2 scrolls of amnesia.
  1124 | D:2      | Reached skill level 5 in Ranged Weapons
  1142 | D:2      | Reached XP level 4. HP: 17/22 MP: 5/5
  1557 | D:2      | 1557 ||| READING 2 scrolls labelled CUINOCOERO.
  1561 | D:2      | 1561 ||| READING 2 scrolls labelled ZIGIAR JUTOM.
  1561 | D:2      | 1561 ||| IDENTIFYING bubbling green potion
  1562 | D:2      | 1562 ||| READING scroll of identify.
  1562 | D:2      | 1562 ||| IDENTIFYING fuming amethyst potion
  1563 | D:2      | 1563 ||| DRINKING 3 cyan potions.
  1586 | D:3      | 1586 ||| STAIRDANCE
  1656 | D:3      | 1656 ||| STAIRDANCE
  1707 | D:3      | 1707 ||| STAIRDANCE
  1779 | D:3      | Found a faded altar of an unknown god.
  1977 | D:3      | Noticed a shadow
  1978 | D:3      | Found a shadowy altar of Dithmenos.
  1979 | D:3      | Found a hazy altar of Hepliaklqana.
  2111 | D:3      | Found a runed translucent door.
  2112 | D:3      | Noticed Crazy Yiuf
  2141 | D:3      | 2141 ||| UPGRADING to amulet of faith.
  2195 | D:4      | Reached XP level 5. HP: 26/26 MP: 6/6
  2219 | D:4      | Identified the +5 helmet of Yjetwess {+Inv Dex+3}
  2219 | D:4      | Noticed Robin
  2227 | D:4      | HP: 6/26 [poisoned by an adder]
  2228 | D:4      | 2228 ||| READING 3 scrolls of teleportation.
  2268 | D:4      | Killed Robin
  2275 | D:4      | HP: 5/26 [scorpion (5)]
  2276 | D:4      | 2276 ||| READING 2 scrolls of teleportation.
  2280 | D:4      | 2280 ||| READING scroll of teleportation.
  2391 | D:4      | Noticed an ogre
  2397 | D:4      | 2397 ||| RETREEEEATING.
  2401 | D:4      | 2401 ||| DRINKING 2 potions of haste.
  2401 | D:4      | HP: 4/26 [adder (4)]
  2403 | D:4      | Reached skill level 6 in Ranged Weapons
  2403 | D:4      | Reached XP level 6. HP: 3/30 MP: 7/7
  2403 | D:4      | HP: 1/30 [poisoned by an adder]
  2403 | D:4      | Mangled by an ogre

Levels and vault maps discovered:
D:1:      minmay_arrival_statue_studded, layout_basic
D:2:      layout_basic
D:3:      layout_rooms, riverfiend_overflow_shadow_ancestor,
          chequers_ecumenical_altar_simple_redux, uniq_crazy_yiuf_cottage
D:4:      layout_rooms, lemuel_round_altar, minmay_ruined_shrine, uniq_robin

Skill      XL: |  1  2  3  4  5 |
---------------+----------------+-----
Dodging        | 3 4 5 |  5.0
Ranged Weapons | 5 6 |  6.3
Fighting       | 2 |  2.0
Stealth        | |  1.5

Action                     |  1- 3 |  4- 6 || total
---------------------------+-------+-------++-------
   Fire: Shortbow          |   121 |   150 ||   271
    Use: Scroll            |     4 |     6 ||    10
         Potion            |       |     2 ||     2
 Armour: Robe              |    13 |    33 ||    46
  Dodge: Dodged            |    33 |   123 ||   156

Table legend:
 A = Non-vault XP
 B = Vault XP
 C = Vault XP percentage of total XP
 D = Non-vault monster count
 E = Vault monster count
 F = Vault count percentage of total count
                 A         B        C        D         E       F
            +---------+---------+-------+---------+---------+-------
      Total |     278 |     107 |  27.8 |      75 |       7 |   8.5
            +---------+---------+-------+---------+---------+-------
        D:1 |      66 |       0 |   0.0 |      34 |       0 |   0.0
        D:2 |      52 |       0 |   0.0 |      21 |       0 |   0.0
        D:3 |      50 |       0 |   0.0 |      15 |       0 |   0.0
        D:4 |     110 |     107 |  49.3 |       5 |       7 |  58.3
            +---------+---------+-------+---------+---------+-------
